 Dungeon Crawl Stone Soup version 0.28-a0-1594-ga885d4b3d6 (webtiles) character file.

Game seed: 14113158549397828722

37454 agentchuck the Fighter (level 14, -5/116 HPs)
             Began as a Human Hunter on Jan 20, 2022.
             Was an Initiate of Gozag.
             Killed from afar by a deep elf pyromancer (34 damage)
             ... with a bolt of fire
             ... in a volcano on Jan 21, 2022.
             The game lasted 02:11:39 (34848 turns).

agentchuck the Fighter (Human Hunter)              Turns: 34848, Time: 02:11:40

Health: -5/116     AC: 18    Str: 16    XL:     14   Next: 29%
Magic:  23/23      EV: 13    Int: 13    God:    Gozag
Gold:   2672       SH:  4    Dex: 16    Spells: 13/13 levels left

rFire   . . .      SeeInvis +   q - +2 trident (venom) {don't train}
rCold   . . .      Faith    .   (no shield)
rNeg    . . .      Spirit   .   L - +1 scale mail {rPois}
rPois   +          Reflect  .   c - +1 helmet
rElec   .          Harm     .   O - scarf {repulsion}
rCorr   .          Rampage  .   n - +1 pair of gloves
Will    +....                   y - +2 pair of boots
Stlth   ++........              g - amulet of the acrobat
HPRegen 0.00/turn               v - ring of see invisible
MPRegen 0.18/turn               W - ring of magical power

@: inhibited regen, repel missiles
A: large bone plates 1, thin skeletal structure 1, inhibited regeneration, wild
magic 1
a: Renounce Religion, Potion Petition, Call Merchant, Bribe Branch


You were in a volcano.
You worshipped Gozag.
Gozag was most pleased with you.
You visited 4 branches of the dungeon, and saw 20 of its levels.
You also visited: Sewer, Ossuary, Gauntlet and Volcano.

You collected 3403 gold pieces.
You spent 373 gold pieces at shops.
You paid 358 gold pieces to Gozag.


Innate Abilities, Weirdness & Mutations

You are partially covered in large bone plates. (SH +4)
You have a somewhat thin skeletal structure. (Dex +2, Stealth+)
You do not regenerate when monsters are visible.
Your spells are a little harder to cast, but a little more powerful.


   Skills:
 * Level 12.9 Fighting
 + Level 11.5 Staves
 + Level 6.8 Slings
 + Level 11.4 Armour
 + Level 8.4 Dodging
 - Level 4.4 Stealth
 - Level 6.0 Evocations


You had 13 spell levels left.
You didn't know any spells.
Your spell library contained the following spells:

 Spells                   Type           Power      Damage    Failure   Level
 Sting                    Tmut/Pois      0%         1d3       71%         1
 Corpse Rot               Necr/Air       0%         N/A       83%         2
 Poisonous Vapours        Pois/Air       0%         N/A       83%         2
 Scorch                   Fire           0%         2d5       83%         2
 Conjure Flame            Conj/Fire      0%         6-21      96%         3
 Ignite Poison            Fire/Tmut/Pois 0%         N/A       96%         3
 Tukima's Dance           Hex            0%         N/A       96%         3
 Anguish                  Hex/Necr       0%         N/A       100%        4
 Dispel Undead            Necr           0%         3d6       100%        4
 Flame Wave               Conj/Fire      0%         2d4       100%        4
 Fulminant Prism          Conj/Hex       0%         3d6       100%        4
 Iskenderun's Mystic Bla  Conj/Tloc      0%         2d3       100%        4
 Olgreb's Toxic Radiance  Pois           0%         N/A       100%        4
 Sticky Flame             Conj/Fire      0%         2d3       100%        4
 Alistair's Intoxication  Tmut/Pois      0%         N/A       100%        5
 Borgnjor's Vile Clutch   Necr/Erth      0%         N/A       100%        5
 Freezing Cloud           Conj/Ice/Air   0%         6-21      100%        5
 Lee's Rapid Deconstruct  Erth           0%         3d5*      100%        5
 Death Channel            Necr           0%         N/A       100%        6
 Eringya's Noxious Bog    Tmut/Pois      0%         N/A       100%        6
 Simulacrum               Ice/Necr       0%         N/A       100%        6
 Summon Cactus Giant      Summ           0%         N/A       100%        6
 Enfeeble                 Hex            0%         N/A       100%        7
 Polar Vortex             Ice            0%         N/A       100%        9

Inventory:

Hand Weapons
 e - a +4 hunting sling of flaming
 q - a +2 trident of venom (weapon) {don't train}
 r - the +5 mace of Oqogubeuh {holy, rC- rCorr Str+6, don't train}
   (You found it on level 4 of the Dungeon)

   It has been blessed by the Shining One to cause great damage to the undead
   and demons.
   Str:       It affects your strength (+6).
   rC:        It makes you vulnerable to cold.
   rCorr:     It protects you from acid and corrosion.
 t - a +3 flail of protection {don't train}
 w - a +0 vampiric trident {don't train}
 A - a +0 halberd of flaming {don't train}
Missiles
 b - 452 stones (quivered) {don't train}
 d - 20 sling bullets
 H - 28 poisoned darts {don't train}
 U - 9 boomerangs {don't train}
Armour
 c - a +1 helmet (worn)
 n - a +1 pair of gloves (worn)
 y - a +2 pair of boots (worn)
 L - a +1 scale mail of poison resistance (worn)
 O - a scarf of repulsion (worn)
 T - the +0 pair of boots of Pleasant Breezes {Str+3}
   (You found it in a Gauntlet)

   Str:       It affects your strength (+3).
 Z - a +2 cloak of stealth
Jewellery
 g - an amulet of the acrobat (around neck)
 v - a ring of see invisible (left hand)
 W - a ring of magical power (right hand)
Wands
 D - a wand of acid (2)
 I - a wand of charming (4)
 Q - a wand of flame (16)
 R - a wand of digging (3)
 Y - a wand of paralysis (2)
Scrolls
 a - 6 scrolls of fog
 f - 3 scrolls of blinking
 h - 5 scrolls of teleportation {@r4}
 C - a scroll of silence {!r}
 G - a scroll of fear
 M - 4 scrolls of vulnerability {!r}
 N - 2 scrolls of enchant weapon
 V - a scroll of magic mapping
 X - 2 scrolls of identify {@r1}
Potions
 i - 3 potions of haste {@q3}
 j - 3 potions of cancellation
 k - 2 potions of degeneration {unknown}
 l - 2 potions of brilliance {unknown}
 m - 9 potions of curing {@q1}
 o - 3 potions of berserk rage {!q}
 u - a potion of resistance {unknown}
 x - 3 potions of might
 B - a potion of ambrosia {unknown}
 F - 4 potions of flight
 J - a potion of lignification {unknown}
 P - 3 potions of magic
Miscellaneous
 E - a phantom mirror (inert)

Dungeon Overview and Level Annotations

Branches:
Dungeon (11/15)            Temple (1/1) D:5            Lair (6/6) D:11
 Shoals (0/4) Lair:3        Snake (0/4) Lair:4        Slime (0/5) Lair:6
    Orc (2/2) D:10          Sewer (visited)         Ossuary (visited)
Volcano (1/1)             Gauntlet (visited)
    Elf: Orc:2

Altars:
Ashenzari
Elyvilon
Fedhas
Gozag
Hepliaklqana
Kikubaaqudgha
Makhleb
Okawaru
Qazlal
Ru
Sif Muna
Trog
Vehumet
Xom
Yredelemnul
Zin
The Shining One
Jiyva

Shops:
D:7 (

Annotations:
D:7 1 runed translucent door, Crazy Yiuf
D:10 Harold, Urug
D:11 exclusion: cyclops
Lair:4 exclusion: hydra ▒▒▒▒▒▒▒▒▒▒ # $ $$$$

ee..h....▒≈# $$ $ $
e......(.▒≈#
#≈▒▒▒▒▒▒▒▒▒▒▒▒▒▒▒▒▒e▒▒§#
#§§▒....E...▒.......▒≈≈#
#≈§▒▒.≈.▒...▒▒....(▒▒§§#
##≈≈▒...▒@e$.'..§..▒§≈##
#≈≈▒▒'▒▒▒E§.▒▒...▒▒§≈#
##§≈▒...▒☼E..▒...▒§§##
#≈≈▒▒.)▒▒'▒▒▒▒'▒▒§≈#
##≈≈▒.).▒..○○..▒≈§##
#≈§▒▒.)▒...$.▒▒§§#
##≈≈▒..▒▒.≈..▒≈≈##
#≈≈▒▒.)▒...▒▒§≈#
##≈§▒..▒...▒≈≈##


You could see a deep elf pyromancer (very poisoned) and 3 fire elementals.


Message History

Press: ? - help, Dir - move target, f - deep elf pyromancer
Aim: a deep elf pyromancer, wielding a +0 great mace of flaming and wearing a +0 ring mail (severely wounded, poisoned, about 36% to evade your +2 trident of venom)
You reach to attack!
You hit the deep elf pyromancer but do no damage.
The deep elf pyromancer looks even sicker.
The deep elf pyromancer is severely wounded.
The fire elemental hits you. The fire elemental burns you!
* * * LOW HITPOINT WARNING * * *
The deep elf pyromancer drinks a potion.
The deep elf pyromancer is healed!
The fire elemental barely misses you.
Aiming: Iceblast
Press: ? - help, Shift-Dir - straight line, f/p - deep elf pyromancer
Aim: a deep elf pyromancer, wielding a +0 great mace of flaming and wearing a +0 ring mail (moderately wounded, very poisoned)
Okay, then.
You feel much better. The fire elemental barely misses you.
The fire elemental hits you. The fire elemental burns you!
* * * LOW HITPOINT WARNING * * *
The deep elf pyromancer casts a spell.
The fire elemental completely misses you.
Aiming: Iceblast
Press: ? - help, Shift-Dir - straight line, p - deep elf pyromancer The mass of ice explodes!
The iceblast engulfs the deep elf pyromancer!
The deep elf pyromancer is almost dead.
The now-empty wand crumbles to dust.
The fire elemental disappears in a puff of smoke!
The deep elf pyromancer points at you and mumbles some strange words.
The bolt of fire hits you!!
You die...
Your body crumbles into a pile of gold.

Skill      XL: |  1  2  3  4  5  6  7  8  9 10 11 12 13 |
---------------+----------------------------------------+-----
Fighting       | 3 4 5 7 8 9 10 12 | 12.9
Armour         | 2 3 4 6 7 8 9 10 11 | 11.4
Staves         | 2 4 5 6 8 9 11 | 11.5
Evocations     | 2 6 |  6.0
Slings         | 5 6 |  6.8
Dodging        | 3 5 6 8 |  8.4
Stealth        | 2 4 |  4.4

Action                   |  1- 3 |  4- 6 |  7- 9 | 10-12 | 13-15 || total
-------------------------+-------+-------+-------+-------+-------++-------
Melee: Short sword       |    31 |       |       |       |       ||    31
       Dagger            |    12 |    78 |   134 |   231 |       ||   455
       Mace              |       |       |   120 |    40 |     2 ||   162
       Quarterstaff      |       |       |    12 |     6 |       ||    18
       Punch             |       |       |     3 |     8 |    14 ||    25
       Flail             |       |       |    27 |   197 |   141 ||   365
       Trident           |       |       |       |   192 |   388 ||   580
       Halberd           |       |       |       |       |    14 ||    14
 Fire: Hunting sling     |    78 |   152 |    19 |   230 |   248 ||   727
Throw: Dart              |       |       |     7 |    62 |     5 ||    74
       Stone             |       |       |       |     4 |     1 ||     5
Invok: Potion Petition   |       |       |       |       |     1 ||     1
Evoke: Wand              |       |       |    12 |    15 |     5 ||    32
       Phantom mirror    |       |       |       |       |     2 ||     2
  Use: Scroll            |       |     2 |    10 |     9 |     4 ||    25
       Potion            |       |       |     4 |     3 |     6 ||    13
 Stab: Distracted        |       |       |       |     3 |     1 ||     4
       Sleeping          |       |       |       |     1 |     2 ||     3
Armor: Leather armour    |    14 |       |       |       |       ||    14
       Ring mail         |    22 |    51 |   127 |       |       ||   200
       Scale mail        |       |       |    14 |   393 |   275 ||   682
Dodge: Dodged            |    50 |    74 |   157 |   457 |   367 ||  1105
       Repelled          |       |       |       |     1 |     3 ||     4
Block: Other             |       |       |     1 |   149 |    88 ||   238

Levels and vault maps discovered:
D:1:      nzn_arrival_crosshair, layout_rooms, minmay_misc_feat_x,
          minmay_door_square, minmay_pentomino_p2
D:2:      layout_basic, uniq_robin
D:3:      layout_loops_ring, basic_ecumenical_altar, st_stairs_10
D:4:      layout_gridville, nzn_hepliaklqana_mist_gate, gup_sewer_entry_glass,
          kennysheep_donut, minmay_hedge_maze, uniq_pikel
D:5:      layout_basic, minmay_temple_entry_glassed_door,
          nicolae_ossuary_entry_giza, nicolae_figureground_sparkle, uniq_duvessa
D:6:      layout_loops_ring, uniq_edmund, uniq_blork_the_orc, uniq_menkaure
D:7:      layout_loops_corners, serial_shops, nicolae_shop_bloodbath_and_beyond,
          minmay_misc_feat_room, minmay_misc_feat_pillars, st_stairs_8,
          minmay_misc_feat_nine_boxes, hellmonk_guarded_unrand_vines,
          uniq_crazy_yiuf_cottage
D:8:      layout_layer_cave, uniq_erica
D:9:      layout_cave_pods, serial_glass, glass_columns_a, glass_columns_b,
          uniq_maggie
D:10:     layout_stronghold, mainiacjoe_overflow_brackets, fedhas_altar_1,
          grunt_ashenzari_visionary [grunt_ashenzari_visionary_shoals,
          grunt_ashenzari_visionary_snake], minmay_orc_entry_guard_dogs,
          minmay_holes, uniq_urug, uniq_harold
D:11:     layout_loops_ring, grunt_lair_entry_orc_guard_hut, uniq_grum
Temple:   mainiacjoe_temple_coin_purse
Lair:1:   layout_regular_city, infiniplex_staircase_pool_2, lemuel_fruit_tree,
          grunt_megastairs_1
Lair:2:   layout_cave_pods
Lair:3:   layout_gridlike, elwin_shoals_entry_rooms, lemuel_fruit_fields,
          infiniplex_staircase_pool
Lair:4:   layout_layer_cave, minmay_snake_entry_guardpost_small,
          grunt_megastairs_3
Lair:5:   layout_gridlike, gauntlet_entry_generic, serial_forest,
          infiniplex_forest_corner_1, infiniplex_forest_zigzag_1,
          infiniplex_forest_lined_3, infiniplex_forest_end_1,
          infiniplex_forest_clump_long, infiniplex_forest_clump_curved,
          infiniplex_forest_clump_diagonal, infiniplex_forest_lined_corner
Lair:6:   hellmonk_lair_end_abyssal_woods, layout_small_grid, slime_altar_1,
          enter_volcano_1, chequers_serial_rivers_micro_b,
          chequers_serial_rivers_small_3
Orc:1:    layout_caves, mines_bat_river
Orc:2:    st_orc_mages, layout_caves, nicolae_orc_damp_corner
Volcano:  hellmonk_pyromancer_palace

Notes
Turn   | Place    | Note
-------+----------+-------------------------------------------
     0 | D:1      | agentchuck the Human Hunter began the quest for the Orb.
     0 | D:1      | Reached XP level 1. HP: 16/16 MP: 1/1
   258 | D:1      | Reached XP level 2. HP: 17/23 MP: 2/2
   810 | D:1      | Reached XP level 3. HP: 28/28 MP: 3/3
  1207 | D:1      | Reached skill level 3 in Fighting
  1265 | D:1      | Reached XP level 4. HP: 35/35 MP: 4/4
  1522 | D:2      | Noticed Robin
  1535 | D:2      | Killed Robin
  1536 | D:2      | Reached skill level 1 in Armour
  2536 | D:3      | Found a faded altar of an unknown god.
  2583 | D:3      | Reached skill level 2 in Armour
  2583 | D:3      | Reached XP level 5. HP: 42/42 MP: 5/5
  2987 | D:3      | Reached skill level 4 in Fighting
  3564 | D:4      | Reached skill level 3 in Armour
  3564 | D:4      | Reached XP level 6. HP: 48/48 MP: 6/6
  3701 | D:4      | Found a hazy altar of Hepliaklqana.
  3716 | D:4      | Found a glowing drain.
  3854 | Sewer    | Entered a sewer
  4333 | Sewer    | Reached XP level 7. HP: 55/55 MP: 7/7
  4807 | D:4      | Identified the +5 mace of Oqogubeuh {holy, rC- rCorr Str+6}
  5016 | D:4      | Reached skill level 5 in Fighting
  5288 | D:4      | Reached skill level 4 in Armour
  5442 | D:4      | Noticed Pikel
  5442 | D:4      | You fall into a shaft and drop 3 floors!
  5442 | D:7      | Noticed a four-headed hydra
  5444 | D:7      | Noticed a troll
  5642 | D:7      | Found Pudywk's Weapon Boutique.
  5659 | D:7      | Reached skill level 1 in Staves
  5781 | D:7      | Bought a +0 quarterstaff for 52 gold pieces
  5913 | D:7      | Noticed a troll
  5924 | D:7      | Killed a troll
  5925 | D:7      | Reached skill level 2 in Staves
  5925 | D:7      | Reached XP level 8. HP: 23/64 MP: 8/8
  5962 | D:7      | Reached skill level 5 in Armour
  6214 | D:6      | Noticed Edmund
  6216 | D:6      | Reached skill level 6 in Fighting
  6223 | D:6      | Reached skill level 3 in Staves
  6224 | D:6      | Noticed Menkaure
  6233 | D:6      | Noticed Blork the orc
  6317 | D:7      | Killed Edmund
  6464 | D:7      | Killed a four-headed hydra
  6465 | D:7      | Reached skill level 7 in Fighting
  6465 | D:7      | Reached skill level 4 in Staves
  6465 | D:7      | Reached skill level 6 in Armour
  6465 | D:7      | Reached XP level 9. HP: 59/72 MP: 9/9
  6803 | D:7      | Reached skill level 5 in Staves
  7058 | D:7      | Killed a troll
  7567 | D:6      | Killed Menkaure
  7695 | D:6      | Reached skill level 1 in Evocations
  7705 | D:6      | Reached skill level 5 in Slings
  7705 | D:6      | Reached skill level 7 in Armour
  7909 | D:6      | Killed Blork the orc
  8414 | D:5      | Entered Level 5 of the Dungeon
  8486 | D:5      | Found a sand-covered staircase.
  8493 | D:5      | Reached skill level 2 in Evocations
  8496 | Ossuary  | Entered an ossuary
  8821 | Ossuary  | Gained mutation: You are frail. (-10% HP) [potion of
                  | mutation]
  8821 | Ossuary  | Gained mutation: You are weak. (Str -2) [potion of
                  | mutation]
  8821 | Ossuary  | Gained mutation: You are partially covered in large bone
                  | plates. (SH +4) [potion of mutation]
  8821 | Ossuary  | Gained mutation: Your mind is acute. (Int +2) [potion of
                  | mutation]
  8822 | Ossuary  | Lost mutation: You are frail. (-10% HP) [potion of
                  | mutation]
  8822 | Ossuary  | Lost mutation: You are partially covered in large bone
                  | plates. (SH +4) [potion of mutation]
  8822 | Ossuary  | Lost mutation: Your mind is acute. (Int +2) [potion of
                  | mutation]
  8822 | Ossuary  | Gained mutation: Armour fits poorly on your strangely
                  | shaped body. [potion of mutation]
  8822 | Ossuary  | Gained mutation: You sometimes lose the ability to read
                  | scrolls when taking damage. [potion of mutation]
  8823 | Ossuary  | Lost mutation: You are weak. (Str -2) [potion of mutation]
  8823 | Ossuary  | Lost mutation: Armour fits poorly on your strangely shaped
                  | body. [potion of mutation]
  8823 | Ossuary  | Lost mutation: You sometimes lose the ability to read
                  | scrolls when taking damage. [potion of mutation]
  8823 | Ossuary  | Gained mutation: You are partially covered in large bone
                  | plates. (SH +4) [potion of mutation]
  8823 | Ossuary  | Gained mutation: You do not regenerate when monsters are
                  | visible. [potion of mutation]
  8823 | Ossuary  | Gained mutation: Your spells are a little harder to cast,
                  | but a little more powerful. [potion of mutation]
  8823 | Ossuary  | Gained mutation: You have a somewhat thin skeletal
                  | structure. (Dex +2, Stealth+) [potion of mutation]
  8912 | D:5      | Found a staircase to the Ecumenical Temple.
  8924 | Temple   | Entered the Ecumenical Temple
  8978 | Temple   | Became a worshipper of Gozag Ym Sagoz the Greedy
  9001 | D:5      | Reached XP level 10. HP: 80/80 MP: 10/10
  9041 | D:5      | Reached skill level 8 in Fighting
  9041 | D:5      | Reached skill level 3 in Evocations
  9602 | D:5      | Reached skill level 6 in Staves
  9604 | D:5      | Noticed Duvessa
  9615 | D:5      | Killed Duvessa
  9615 | D:5      | Noticed Dowan
  9616 | D:5      | Reached skill level 4 in Evocations
  9662 | D:5      | Killed Dowan
  9871 | D:5      | Noticed a two-headed ogre
  9931 | D:5      | HP: 8/80 [two-headed ogre (9)]
  9936 | D:5      | Killed a two-headed ogre
  9937 | D:5      | Reached skill level 5 in Evocations
 10684 | D:7      | Bought a +4 hunting sling of flaming for 321 gold pieces
 10696 | D:7      | Found a runed translucent door.
 10697 | D:7      | Noticed Crazy Yiuf
 11010 | D:7      | Found the +1 robe of Vines {NoPotionHeal Regen++++}
 11556 | D:5      | Reached skill level 8 in Armour
 11822 | D:5      | Identified the +2 robe of Supple Strength {Regen+ Dex+3}
 12871 | D:3      | Killed Pikel
 12872 | D:3      | Reached skill level 6 in Evocations
 13600 | D:8      | Reached skill level 3 in Dodging
 13600 | D:8      | Reached XP level 11. HP: 87/87 MP: 11/11
 13660 | D:8      | Noticed Erica
 13817 | D:8      | Killed Erica
 13818 | D:8      | Reached skill level 9 in Fighting
 13818 | D:8      | Reached skill level 7 in Staves
 13925 | D:8      | Noticed a two-headed ogre
 14519 | D:8      | Killed a two-headed ogre
 14769 | D:9      | Reached skill level 4 in Dodging
 15506 | D:9      | Noticed Maggie
 15683 | D:10     | Entered Level 10 of the Dungeon
 15724 | D:10     | Reached skill level 6 in Slings
 15829 | D:10     | Found a blossoming altar of Fedhas.
 15873 | D:10     | Found a staircase to the Orcish Mines.
 15884 | D:10     | Noticed Harold
 16121 | D:10     | Found a broken altar of Ashenzari.
 16125 | D:10     | Saw a vision of the Shoals and the Snake Pit.
 16125 | D:10     | Noticed a mana viper
 16125 | D:10     | Noticed a merfolk siren
 16125 | D:10     | Noticed a sea snake
 16125 | D:10     | Noticed a sea snake
 16125 | D:10     | Noticed a merfolk siren
 16126 | D:10     | Noticed a naga sharpshooter
 16426 | D:10     | Noticed Urug
 16483 | D:10     | Found an ancient bone altar of Kikubaaqudgha.
 16883 | Orc:1    | Entered Level 1 of the Orcish Mines
 17157 | D:10     | Reached skill level 9 in Armour
 17793 | Orc:2    | Entered Level 2 of the Orcish Mines
 18098 | Orc:2    | Noticed an orc high priest
 18487 | Orc:2    | Noticed a sun demon
 18494 | Orc:1    | Killed an orc high priest
 18495 | Orc:1    | Reached skill level 2 in Stealth
 18709 | Orc:1    | Reached skill level 8 in Staves
 18709 | Orc:1    | Reached skill level 5 in Dodging
 19147 | Orc:2    | Noticed an orc sorcerer
 19458 | D:9      | Killed Maggie
 19708 | D:11     | Noticed a cyclops
 19720 | D:11     | Noticed a two-headed ogre
 19733 | D:11     | Reached XP level 12. HP: 86/97 MP: 12/12
 19866 | D:11     | Killed a two-headed ogre
 19867 | D:11     | Reached skill level 3 in Stealth
 20646 | D:11     | Reached skill level 10 in Fighting
 21067 | D:11     | Noticed Grum
 21101 | D:11     | Killed Grum
 21272 | D:11     | Found a staircase to the Lair.
 21397 | D:11     | Reached skill level 4 in Stealth
 21631 | Lair:1   | Entered Level 1 of the Lair of Beasts
 22315 | D:11     | Reached skill level 6 in Dodging
 23153 | Lair:1   | Reached skill level 10 in Armour
 23191 | Lair:1   | Identified the +5 tower shield "Doxoz" {rN+}
 23332 | Lair:1   | Reached skill level 9 in Staves
 24004 | Lair:2   | Noticed an eight-headed hydra
 24689 | Lair:2   | Reached XP level 13. HP: 105/105 MP: 13/13
 24750 | Lair:2   | Reached skill level 11 in Fighting
 24782 | Lair:2   | Reached skill level 7 in Dodging
 25375 | Lair:2   | Reached skill level 10 in Staves
 25903 | Lair:2   | Killed an eight-headed hydra
 26633 | Lair:3   | Found a staircase to the Shoals.
 28621 | Lair:4   | Found a staircase to the Snake Pit.
 28705 | Lair:4   | Reached skill level 12 in Fighting
 29253 | Lair:4   | Noticed a four-headed hydra
 29568 | Lair:4   | Noticed an eight-headed hydra
 30178 | Lair:4   | Noticed an eight-headed hydra
 31496 | Lair:4   | Killed a one-headed hydra
 31497 | Lair:4   | Reached skill level 11 in Staves
 31638 | Lair:4   | Reached skill level 11 in Armour
 32181 | Lair:5   | Found a gate leading to a gauntlet.
 32193 | Gauntlet | Entered a Gauntlet
 32193 | Gauntlet | Found a transporter.
 32193 | Gauntlet | Found a transporter.
 32214 | Gauntlet | Found a transporter.
 32215 | Gauntlet | Found a transporter.
 32224 | Gauntlet | Found a transporter.
 32227 | Gauntlet | Found a transporter.
 32235 | Gauntlet | Found a transporter.
 32251 | Gauntlet | Found a transporter.
 32266 | Gauntlet | Found a transporter.
 32270 | Gauntlet | Found a transporter.
 32278 | Gauntlet | Found a transporter.
 32282 | Gauntlet | Found a transporter.
 32614 | Gauntlet | Reached skill level 8 in Dodging
 32664 | Gauntlet | Identified the +0 pair of boots of Pleasant Breezes {Str+3}
 32679 | Gauntlet | Noticed a minotaur
 33339 | Lair:5   | Reached XP level 14. HP: 109/116 MP: 14/14
 33815 | Lair:5   | You fall into a shaft and drop 1 floor!
 33815 | Lair:6   | Entered Level 6 of the Lair of Beasts
 33815 | Lair:6   | Found a viscous altar of Jiyva.
 33815 | Lair:6   | Found a staircase to the Slime Pits.
 33946 | Lair:6   | Found a dark tunnel.
 33981 | Volcano  | Entered a volcano
 34848 | Volcano  | Killed from afar by a deep elf pyromancer

Vanquished Creatures
  3 hydras
  Erica (D:8)
  3 two-headed ogres
  An orc high priest (Orc:1)
  Pikel (D:3)
  4 deep elf pyromancers (Volcano)
  7 elephants
  2 merfolk sirens (Lair:3)
  5 black mambas
  11 cane toads
  Maggie (D:9)
  4 komodo dragons
  2 polar bears
  A hornet (D:10)
  A merfolk (Lair:3)
  7 trolls
  11 blink frogs
  4 shadows
  22 yaks
  8 wyverns
  2 wraiths (D:10)
  4 basilisks
  Grum (D:11)
  5 fire elementals (Volcano)
  2 steam dragons
  2 vampire mosquitoes (D:11)
  Edmund (D:7)
  3 wargs (D:10)
  Menkaure (D:6)
  3 nagas (Lair:4)
  An acid dragon (D:9)
  10 water moccasins
  4 hell hounds (Volcano)
  Duvessa (D:5)
  2 sky beasts
  6 orc warriors
  5 black bears
  A centaur (D:8)
  15 wolves
  A lemure (D:4)
  5 ogres
  18 bullfrogs
  Blork the orc (D:6)
  A water moccasin zombie (D:4)
  2 scorpions (D:5)
  Dowan (D:5)
  9 killer bees
  A howler monkey (D:4)
  2 centaur zombies
  13 orc priests
  3 gnoll shamans
  An iguana (D:5)
  2 jellies (D:5)
  4 hounds
  9 orc wizards
  13 mummies
  A howler monkey zombie (D:7)
  Robin (D:2)
  17 gnolls
  A howler monkey skeleton (D:7)
  12 adders
  2 river rats (Sewer)
  2 white imps
  An adder skeleton (D:4)
  5 dart slugs
  52 orcs
  7 ball pythons
  6 endoplasms
  4 giant cockroaches
  10 goblins
  9 hobgoblins
  13 jackals
  9 kobolds
  4 quokkas
  8 bats
  6 frilled lizards
  2 gnoll skeletons (Ossuary)
  A goblin skeleton (Ossuary)
  A hobgoblin zombie (D:5)
  2 kobold skeletons (Ossuary)
  A kobold zombie (D:5)
  3 orc skeletons (Ossuary)
  4 rats
  11 rat skeletons (Ossuary)
449 creatures vanquished.

Vanquished Creatures (collateral kills)
  A deep elf archer (Volcano)
  A deep elf pyromancer (Volcano)
2 creatures vanquished.

Vanquished Creatures (others)
  A deep elf pyromancer (Volcano)
  A demonic plant (Gauntlet)
  36 fungi
  62 plants
100 creatures vanquished.

Grand Total: 551 creatures vanquished

Table legend: (Time is in decaauts)
 A = Elapsed time spent in this place.
 B = Non-inter-level travel time spent in this place.
 C = Inter-level travel time spent in this place.
 D = Time resting spent in this place.
 E = Time spent auto-exploring this place.
 F = Levels seen in this place.
 G = Mean time per level.
                   A        B        C        D        E       F      G
               +--------+--------+--------+--------+--------+-----+--------+
         Total |  34951 |  33513 |   1438 |  12966 |  10212 |  24 | 1456.3 |
       Dungeon |  19314 |  18264 |   1050 |   6461 |   6138 |  11 | 1755.8 |
        Temple |     63 |     54 |      9 |      0 |     36 |   1 |   63.0 |
          Lair |  10892 |  10564 |    328 |   4220 |   3452 |   6 | 1815.3 |
  Orcish Mines |   1896 |   1846 |     50 |   1261 |    194 |   2 |  948.0 |
         Sewer |   1032 |   1032 |      0 |    281 |    244 |   1 | 1032.0 |
       Ossuary |    381 |    381 |      0 |     32 |     47 |   1 |  381.0 |
       Volcano |    861 |    861 |      0 |    574 |      0 |   1 |  861.0 |
      Gauntlet |    509 |    509 |      0 |    135 |     99 |   1 |  509.0 |
               +--------+--------+--------+--------+--------+-----+--------+

Top non-repeatable levels by time:
  Lair:4: 3504 daAuts
     D:7: 3073 daAuts
    D:11: 2846 daAuts
  Lair:3: 2556 daAuts
  Lair:2: 2511 daAuts
     D:5: 2168 daAuts
   Orc:1: 1767 daAuts
    D:10: 1705 daAuts
     D:4: 1599 daAuts
     D:8: 1564 daAuts
     D:1: 1475 daAuts
     D:9: 1473 daAuts
  Lair:1: 1439 daAuts
     D:3: 1387 daAuts
     D:6: 1055 daAuts

Table legend:
 A = Non-vault XP
 B = Vault XP
 C = Vault XP percentage of total XP
 D = Non-vault monster count
 E = Vault monster count
 F = Vault count percentage of total count
                 A         B        C        D         E       F
            +---------+---------+-------+---------+---------+-------
      Total |   38282 |   15224 |  28.5 |     317 |     134 |  29.7
            +---------+---------+-------+---------+---------+-------
        D:1 |      65 |       4 |   5.8 |      33 |       2 |   5.7
        D:2 |      26 |      29 |  52.7 |       8 |       8 |  50.0
        D:3 |     141 |     666 |  82.5 |      19 |       3 |  13.6
        D:4 |     510 |      33 |   6.1 |      25 |       5 |  16.7
        D:5 |    2268 |     222 |   8.9 |      30 |       5 |  14.3
        D:6 |     254 |     248 |  49.4 |       6 |       2 |  25.0
        D:7 |     911 |    1861 |  67.1 |      17 |       6 |  26.1
        D:8 |    1470 |     828 |  36.0 |       9 |       1 |  10.0
        D:9 |     967 |     404 |  29.5 |      14 |       1 |   6.7
       D:10 |    1788 |     493 |  21.6 |      17 |       3 |  15.0
       D:11 |    4035 |     983 |  19.6 |      19 |       7 |  26.9
     Lair:1 |    4996 |     157 |   3.0 |      24 |       1 |   4.0
     Lair:2 |    6786 |       0 |   0.0 |      22 |       0 |   0.0
     Lair:3 |    1474 |    1645 |  52.7 |       8 |       4 |  33.3
     Lair:4 |    7388 |     562 |   7.1 |      28 |       4 |  12.5
     Lair:5 |    3615 |       0 |   0.0 |      16 |       0 |   0.0
     Lair:6 |     695 |       0 |   0.0 |       2 |       0 |   0.0
      Orc:1 |     720 |     882 |  55.1 |      16 |      10 |  38.5
      Orc:2 |     173 |      78 |  31.1 |       4 |       3 |  42.9
      Sewer |       0 |     100 | 100.0 |       0 |      20 | 100.0
    Ossuary |       0 |     235 | 100.0 |       0 |      31 | 100.0
    Volcano |       0 |    5343 | 100.0 |       0 |      16 | 100.0
   Gauntlet |       0 |     451 | 100.0 |       0 |       2 | 100.0
            +---------+---------+-------+---------+---------+-------
